AoeStats
← blorfsky

Arena

510308281Analyzed
1v1 RM · 24h ago on Sep 30, 2026· 60m 59s· 2 players
Game mode
Random Map
Map size
Tiny (2 player)
Population
200
Speed
Normal
Resources
Standard
Victory
Conquest
Starting age
Dark Age
Ending age
Imperial Age
RankedLock teamsTeams togetherTeam positionsShared explorationLock speedFull tech treeHidden civsTurbo modeCheats
Victory
Defeat
🇺🇸 Inca · United States
946
+15
🇨🇭 Gurjaras · Switzerland
921
-15
blorfsky
7:31 Loom
9:38 Feudal Age
10:16 Double-Bit Axe
14:08 Castle Age
12:36 Horse Collar
12:52 Double-Bit Axe
13:06 Horse Collar
15:24 Bow Saw
16:42 Heavy Plow
18:31 Town Watch
23:30 Redemption
23:29 Fletching
23:53 Forging
27:05 Wheelbarrow
26:04 Crossbowman
28:59 Fletching
30:42 Bodkin Arrow
32:23 Padded Archer Armor
32:59 Iron Casting
33:54 Hand Cart
34:23 Leather Archer Armor
34:11 Scale Mail Armor
34:29 Kshatriyas
38:36 Imperial Age
40:27 Thumb Ring
41:04 Town Patrol
43:26 Elite Chakram Thrower
50:28 Bracer
50:44 Leather Archer Armor
52:00 Chain Mail Armor
51:44 Man-at-Arms
52:41 Scale Barding Armor
52:44 Elite Shrivamsha Rider
53:35 Bloodlines
55:42 Chain Barding Armor
exki6160
10:52 Feudal Age
12:52 Horse Collar
12:57 Double-Bit Axe
16:40 Castle Age
21:16 Double-Bit Axe
21:11 Horse Collar
21:45 Horse Collar
24:12 Forging
24:02 Scale Mail Armor
24:02 Champi Runner
26:07 Gold Mining
27:28 Devotion
32:41 Imperial Age
32:14 Loom
33:25 Iron Casting
33:05 Chain Mail Armor
32:19 Champi Warrior
33:57 Conscription
33:43 Elite Champi Warrior
36:18 Wheelbarrow
36:47 Plate Mail Armor
39:06 Faith
40:41 Conscription
44:32 Fabric Shields
46:05 Blast Furnace
51:09 Arson
53:01 Squires
53:22 Hand Cart
56:01 Town Watch
60:23 Town Patrol
Connection lost

Rejoining the realm…

Still unreachable

The connection could not be restored.

Session expired

The server has moved on; the page needs a fresh start.